 Dungeon Crawl Stone Soup version 0.26-a0-651-gb41185065b (webtiles) character file.

Game seed: 11054675899344177510

113 Apogee the Sneak (level 5, -2/34 HPs)
             Began as a Kobold Delver on Oct 8, 2020.
             Slain by a sky beast (4 damage)
             ... on level 5 of the Dungeon.
             The game lasted 00:02:07 (570 turns).

Apogee the Sneak (Kobold Delver)                     Turns: 570, Time: 00:02:08

Health: -2/34      AC:  3    Str:  9    XL:     5   Next: 17%
Magic:  5/5        EV: 16    Int: 12    God:
Gold:   34         SH:  0    Dex: 17    Spells: 4/4 levels left

rFire    . . .     SeeInvis .   a - +0 short sword
rCold    . . .     Faith    .   (shield restricted)
rNeg     . . .     Spirit   .   b - +0 leather armour
rPois    .         Reflect  .   (no helmet)
rElec    .         Harm     .   (no cloak)
rCorr    .         Rampage  .   (no gloves)
MR       .....                  (no boots)
Stlth    ++++......             (no amulet)
HPRegen  0.11/turn              (no ring)
MPRegen  0.09/turn              (no ring)

@: no status effects
A: small, nightstalker 3
a: no special abilities


You were on level 5 of the Dungeon.
You visited 1 branch of the dungeon, and saw 1 of its levels.

You collected 34 gold pieces.

Inventory:

Hand Weapons
 a - a +0 short sword (weapon)
Armour
 b - a +0 leather armour (worn)
Wands
 d - a wand of iceblast (1)
   (You found it on level 5 of the Dungeon)
 v - a wand of digging (3)
Scrolls
 c - a scroll of fog
 e - a scroll of fear
 g - a scroll of magic mapping
 i - a scroll of teleportation {unknown}
Potions
 f - a potion of haste {@q3}
 h - a potion of cancellation {unknown}


   Skills:
 + Level 4.4 Fighting
 + Level 4.3 Short Blades
 + Level 3.9 Dodging
 - Level 6.6 Stealth


You had 4 spell levels left.
You didn't know any spells.
Your spell library was empty.

Dungeon Overview and Level Annotations

Branches:
Dungeon (5/15)
 Temple: D:4-7

Altars:
Makhleb


Innate Abilities, Weirdness & Mutations

You are small and have problems with some larger weapons.
You are completely attuned to the shadows.


Message History

A giant cockroach is nearby!
You hit the giant cockroach.
You kill the giant cockroach!
No target in view!
i - a scroll labeled DUJITT JOEN A sky beast comes into view.
The sky beast completely misses you.
You barely miss the sky beast. The sky beast closely misses you.
You barely miss the sky beast. The sky beast completely misses you.
You hit the sky beast but do no damage. The sky beast hits you.
The sky beast shocks you.
You hit the sky beast. The sky beast completely misses you.
You hit the sky beast. The sky beast misses you.
You hit the sky beast.
The sky beast hits you but does no damage.
You hit the sky beast. You barely miss the sky beast. The sky beast hits you.
The sky beast shocks you.
You hit the sky beast but do no damage.
The sky beast flickers out of sight!
Deactivating autopickup; reactivate with Ctrl-A.
Something hits you but does no damage.
A sky beast appears from thin air!
Reactivating autopickup.
The sky beast flickers out of sight!
Deactivating autopickup; reactivate with Ctrl-A.
There is an open door here.
A sky beast appears from thin air!
Reactivating autopickup.
You hit the sky beast but do no damage. The sky beast hits you.
* * * LOW HITPOINT WARNING * * *
The sky beast shocks you.
* * * LOW HITPOINT WARNING * * *
You closely miss the sky beast. The sky beast barely misses you.
Unknown command.
You hit the sky beast. The sky beast barely misses you.
You hit the sky beast. The sky beast barely misses you.
Unknown command.
You miss the sky beast.
The sky beast hits you but does no damage.
Unknown command.
You hit the sky beast. The sky beast hits you.
* * * LOW HITPOINT WARNING * * *
The sky beast shocks you.
* * * LOW HITPOINT WARNING * * *
You closely miss the sky beast. The sky beast closely misses you.
Unknown command.
You hit the sky beast.
Unknown command.
You barely miss the sky beast. The sky beast hits you.
You die...

#.#...........# ##.(..#
#.#...........# ##....#######
#.#...........# ##...####.....
#.#...........###..### ######
#.#...........'#..##### #...##
#.#...........###..#..#####.#.
#.###########.####...†.####.#.
#>.............'.###.._∩##....
#.###########@##..###..####.#.
#.# #Y##....#### #.#. #.#
#.##......# #.#. #(#
#.######### #.#.
#.###########.#############.#.
#)............................
#############.#############.#.
#.# ##.#. ##'######## .....


You could see a sky beast.

Vanquished Creatures
  A centaur (D:5)
  A hound (D:5)
  A giant cockroach (D:5)
3 creatures vanquished.

Notes
Turn   | Place    | Note
-------+----------+-------------------------------------------
     0 | D:5      | Apogee the Kobold Delver began the quest for the Orb.
     0 | D:5      | Reached XP level 1. HP: 14/14 MP: 1/1
   257 | D:5      | Noticed a hound
   258 | D:5      | Found a burning altar of Makhleb.
   260 | D:5      | Killed a hound
   260 | D:5      | Reached XP level 2. HP: 20/20 MP: 2/2
   260 | D:5      | Reached XP level 3. HP: 24/24 MP: 3/3
   301 | D:5      | Noticed a centaur
   317 | D:5      | Killed a centaur
   317 | D:5      | Reached XP level 4. HP: 11/30 MP: 4/4
   317 | D:5      | Reached XP level 5. HP: 12/34 MP: 5/5
   535 | D:5      | Noticed a sky beast
   570 | D:5      | Slain by a sky beast

Illustrated notes

Levels and vault maps discovered:
D:5:      layout_basic, makhleb_blood_cavern_becter, uniq_grinder

Skill      XL: |  1  2  3 |
---------------+----------+-----
Short Blades   | 3 4 |  4.3
Dodging        | 3 |  3.9
Fighting       | 4 |  4.4
Stealth        | |  6.6

Action                   |  1- 3 |  4- 6 || total
-------------------------+-------+-------++-------
Melee: Short sword       |    14 |    19 ||    33
 Stab: Sleeping          |     1 |       ||     1
Armor: Leather armour    |     2 |     3 ||     5
Dodge: Dodged            |    11 |     9 ||    20

Table legend: (Time is in decaauts)
 A = Elapsed time spent in this place.
 B = Non-inter-level travel time spent in this place.
 C = Inter-level travel time spent in this place.
 D = Time resting spent in this place.
 E = Time spent auto-exploring this place.
 F = Levels seen in this place.
 G = Mean time per level.
                   A        B        C        D        E       F      G
               +--------+--------+--------+--------+--------+-----+--------+
         Total |    566 |    566 |      0 |    191 |    302 |   1 |  566.0 |
       Dungeon |    566 |    566 |      0 |    191 |    302 |   1 |  566.0 |
               +--------+--------+--------+--------+--------+-----+--------+

Top non-repeatable levels by time:
     D:5: 566 daAuts
